cohdb
Replays
Latest Replays
All Replays
Popular Replays
Top Player Replays
Match Explorer
How It Works
Community
CoH3 Stats
Reddit
Sign in to upload your games and track your stats! →
Sign in with Steam
Match 32540190
Unlisted
Match 32540190
Overview
Messages
Build Orders
End
Vickers Machine Gun Team
Construct Section Command Post
Infantry Section
Infantry Section
Vickers Machine Gun Team
Selects Indian Artillery Battlegroup
Selects Towed ML 4.2-inch Heavy Mortar
Construct Field Infirmary
Towed ML 4.2-inch Heavy Mortar
Royal Engineer Section
Selects Off-map Airburst Barrage
Construct Platoon Command Post
6-pounder Anti-tank Gun Team
Off-map Airburst Barrage
Selects BL5.5 Artillery Emplacement
Off-map Airburst Barrage
Grenade Package
Construct Company Command Post
Selects Valour
Unlock M3 Grant Medium Tanks
M3 Grant Medium Tank
Off-map Airburst Barrage
Off-map Airburst Barrage
M3 Grant Medium Tank
Off-map Airburst Barrage
ZmiO
StriderRx
theGshovE
rune41
FrustrateHead รักลุงพลน้องไนซ์
[EASY] CLUBs37
Nong Job
NachoMz
0
0
Comments
sign in to comment!
No comments posted yet!